 Dungeon Crawl Stone Soup version 0.13-a0-2305-ge00d11d (webtiles) character file.

1161 Kae the Ruinous (level 8, -1/41 HPs)
             Began as a Tengu Fire Elementalist on July 9, 2013.
             Killed from afar by smajdalf's ghost (7 damage)
             ... with a magic dart
             ... on Level 5 of the Dungeon.
             The game lasted 00:06:27 (4655 turns).

Kae the Ruinous (Tengu Fire Elementalist)           Turns: 4655, Time: 00:06:28

HP  -1/41        AC  3     Str  9      XL: 8   Next: 18%
MP  11/19        EV 12     Int 17      God:
Gold 177         SH  0     Dex 14      Spells:  2 memorised, 10 levels left

Res.Fire  : . . .   See Invis. : .   d - +0,+1 whip (elec)
Res.Cold  : . . .   Warding    : .   a - +0 robe
Life Prot.: . . .   Conserve   : .   (no shield)
Res.Poison: +       Res.Corr.  : .   (helmet restricted)
Res.Elec. : .       Clarity    : .   p - +0 cloak
Sust.Abil.: . .     Spirit.Shd : .   (no gloves)
Res.Mut.  : .       Stasis     : .   (boots unavailable)
Res.Rott. : .       Flight     : .   (no amulet)
Saprovore : . . .                    j - ring of teleport control
                                     l - ring of poison resistance

@: drained, slightly resistant to hostile enchantments, fairly stealthy
A: able to fly, beak, talons 3, deformed body, AC +1, Int -1
a: Fly, Evoke Teleport Control


You were on level 5 of the Dungeon.
You were hungry.

You visited 1 branch of the dungeon, and saw 5 of its levels.

You collected 157 gold pieces.

Inventory:

Hand weapons
 d - a +0,+1 whip of electrocution (weapon)
Armour
 a - a +0 robe (worn)
 p - a +0 cloak (worn)
Magical devices
 e - a wand of digging (10)
Comestibles
 c - 4 bread rations
 f - 2 lemons
 i - a pear
Scrolls
 g - 3 scrolls of identify
 h - a scroll of remove curse
 k - a scroll of teleportation
 n - a scroll of fog {unknown}
 o - a scroll of enchant weapon II {unknown}
 r - a scroll of blinking {unknown}
Jewellery
 j - a ring of teleport control (right hand)
 l - a ring of poison resistance (left hand)
Potions
 m - a potion of heal wounds {unknown}
Books
 b - a book of Flames

   Spells                             Type                      Level
   *Flame Tongue                      Conjuration/Fire             1
   Throw Flame                        Conjuration/Fire             2
   *Conjure Flame                     Conjuration/Fire             3
   Inner Flame                        Hexes/Fire                   3
   Sticky Flame                       Conjuration/Fire             4
   Fireball                           Conjuration/Fire             5


   Skills:
 - Level 2.1(1.7) Dodging
 - Level 2.0(1.6) Stealth
 + Level 3.7(3.2) Spellcasting
 * Level 7.4(6.9) Conjurations
 * Level 7.3(6.8) Fire Magic


You had 10 spell levels left.
You knew the following spells:

 Your Spells              Type           Power        Failure   Level  Hunger
a - Flame Tongue          Conj/Fire      ####.        1%          1    None
b - Conjure Flame         Conj/Fire      ####....     3%          3    ###....


Dungeon Overview and Level Annotations

Branches:
Dungeon (5/27)
 Temple: D:4-7

Altars:

Shops:
D:4: (

Annotations
D:2 Crazy Yiuf
D:4 Prince Ribbit
D:5 smajdalf's ghost, experienced DrCj


Innate Abilities, Weirdness & Mutations

You can fly.
You have a beak for a mouth.
You have claws for feet.
You are partially covered in icy blue scales (AC +1).
Armour fits poorly on your strangely shaped body.
You are dopey (Int -1).


Message History

* * * LOW HITPOINT WARNING * * *
The adder completely misses you.
Casting: Flame Tongue
Confirm with . or Enter, or press ? or * to list all spells.
Aiming: Flame Tongue
Press: ? - help, Shift-Dir - straight line, f/p - adder
Aim: an adder (severely wounded)
The flame misses the adder.
The adder closely misses you.
Smajdalf's ghost breathes negative energy at you.
The blast of negative energy misses you.
Casting: Flame Tongue
Confirm with . or Enter, or press ? or * to list all spells.
Aiming: Flame Tongue
Press: ? - help, Shift-Dir - straight line, f/p - adder
Aim: an adder (severely wounded)
The flame misses the adder.
The adder bites you.
* * * LOW HITPOINT WARNING * * *
Smajdalf's ghost casts a spell at you. The magic dart hits you!
You die...

####
#######.#.###
...............
.......).....
#........#.####
#..S.........
#. #@.#.###
##.##......###
#..<..........
#....%.#>#.##.
#........# #
#...........
..............
..........#.p..
#............


You could see smajdalf's ghost and an adder.

Vanquished Creatures
  Pikel (D:4)
  A phantom (D:4)
  A gnoll sergeant (D:4)
  A hound (D:4)
  A giant frog skeleton (D:4)
  An orc wizard (D:4)
  A worker ant (D:4)
  A scorpion (D:5)
  Ijyb (D:2)
  7 adders
  8 gnolls (D:3)
  2 giant mites (D:3)
  2 worms (D:3)
  A giant eyeball (D:4)
  A giant gecko (D:4)
  7 orcs
  7 bats
  6 goblins
  7 hobgoblins
  8 kobolds
  2 quokkas
  A ball python (D:2)
  6 giant newts
  9 rats
83 creatures vanquished.

Vanquished Creatures (others)
  A slave (D:4)
  A phantom (D:4)
  An adder (D:4)
  3 gnolls (D:4)
  A ball python (D:2)
  2 bat skeletons (D:4)
  2 hobgoblins (D:4)
  A giant newt (D:4)
  A rat (D:4)
13 creatures vanquished.

Grand Total: 96 creatures vanquished

Notes
Turn   | Place    | Note
--------------------------------------------------------------
     0 | D:1      | Kae, the Tengu Fire Elementalist, began the quest for the Orb.
     0 | D:1      | Reached XP level 1. HP: 10/10 MP: 3/3
   284 | D:1      | Reached XP level 2. HP: 4/15 MP: 3/5
  1116 | D:2      | Reached XP level 3. HP: 13/19 MP: 2/7
  1175 | D:2      | Noticed Ijyb
  1227 | D:2      | Killed Ijyb
  1227 | D:2      | Reached skill level 4 in Fire Magic
  1496 | D:2      | Reached XP level 4. HP: 11/24 MP: 4/8
  1615 | D:2      | Noticed Crazy Yiuf
  1898 | D:2      | Paralysed by a potion of paralysis for 4 turns
  2381 | D:3      | Reached XP level 5. HP: 22/28 MP: 4/11
  2589 | D:3      | Reached skill level 5 in Fire Magic
  3098 | D:3      | Reached XP level 6. HP: 22/32 MP: 9/13
  3321 | D:4      | Noticed Prince Ribbit
  3322 | D:4      | Gained mutation: Armour fits poorly on your strangely shaped body. [potion of mutation]
  3322 | D:4      | Gained mutation: You are partially covered in icy blue scales (AC +1). [potion of mutation]
  3322 | D:4      | Gained mutation: You are dopey (Int -1). [potion of mutation]
  3355 | D:4      | Noticed Pikel
  3368 | D:4      | Learned a level 3 spell: Conjure Flame
  3427 | D:4      | Killed Pikel
  3427 | D:4      | Reached skill level 6 in Conjurations
  3427 | D:4      | Reached XP level 7. HP: 36/36 MP: 9/16
  3705 | D:4      | Found Satreid's Antique Weapon Emporium.
  3949 | D:4      | Reached skill level 7 in Fire Magic
  4000 | D:4      | Reached XP level 8. HP: 27/41 MP: 7/19
  4641 | D:5      | Entered Level 5 of the Dungeon
  4652 | D:5      | Noticed smajdalf's ghost (experienced DrCj)
  4655 | D:5      | Killed from afar by smajdalf's ghost

Action                   |  1- 3 |  4- 6 |  7- 9 || total
-------------------------+-------+-------+-------++-------
Melee: Unarmed           |    26 |    16 |       ||    42
       Whip              |       |       |     6 ||     6
 Cast: Flame Tongue      |    51 |    88 |    51 ||   190
       Conjure Flame     |       |     1 |     1 ||     2
  Use: Scroll            |     6 |     2 |     2 ||    10
       Potion            |       |     5 |       ||     5
 Stab: Sleeping          |     1 |       |       ||     1
       Distracted        |     1 |       |       ||     1
